 Dungeon Crawl Stone Soup version 0.19.0-2-gae57169 (webtiles) character file.

107 Patate the Chopper (level 4, -3/61 HPs)
             Began as a Minotaur Berserker on Nov 6, 2016.
             Was a Believer of Trog.
             Slain by Crazy Yiuf
             ... wielding a +4 quarterstaff of chaos
              (5 damage)
             ... on level 2 of the Dungeon.
             The game lasted 00:03:21 (1909 turns).

Patate the Chopper (Minotaur Berserker)             Turns: 1909, Time: 00:03:22

Health: -3/61      AC:  3    Str: 28    XL:     4   Next: 56%
Magic:  3/3        EV: 12    Int:  4    God:    Trog [**....]
Gold:   58         SH:  0    Dex:  9    Spells: 0 memorised, 3 levels left

rFire  . . .     SeeInvis .     a - +0 hand axe
rCold  . . .     Gourm    .     e - +0 leather armour
rNeg   . . .     Faith    .     (no shield)
rPois  .         Spirit   .     (helmet restricted)
rElec  .         Reflect  .     (no cloak)
rCorr  .         Harm     .     (no gloves)
MR     .....                    (no boots)
Stlth  ..........               (no amulet)
                                (no ring)
                                (no ring)

@: berserking, drained, very quick
A: retaliatory headbutt, horns 2
a: Berserk, Trog's Hand, Burn Spellbooks, Renounce Religion


You were on level 2 of the Dungeon.
You worshipped Trog.
Trog was pleased with you.
You were hungry.

You visited 1 branch of the dungeon, and saw 3 of its levels.

You collected 58 gold pieces.

Inventory:

Hand Weapons
 a - a +0 hand axe (weapon)
Armour
 e - a +0 leather armour (worn)
Scrolls
 b - a scroll of noise {unknown}
Potions
 f - a potion of might
 g - a potion of flight {unknown}
 h - a potion of curing
 j - a potion of degeneration {unknown}
 k - a potion of brilliance {unknown}
Comestibles
 c - 2 bread rations
 d - a meat ration
 i - 3 chunks of flesh


   Skills:
 + Level 4.4(4.0) Fighting
 * Level 5.4(5.0) Axes
 + Level 3.4(3.0) Armour
 - Level 2.1(1.8) Dodging


You had 3 spell levels left.
You didn't know any spells.

Dungeon Overview and Level Annotations

Branches:
Dungeon (3/15)

Altars:
Gozag
Okawaru

Annotations:
D:2 Crazy Yiuf


Innate Abilities, Weirdness & Mutations

You reflexively headbutt those who attack you in melee.
You have a pair of horns on your head.


Message History

Crazy Yiuf hits you with a quarterstaff of chaos!
Crazy Yiuf burns you!
You hit Crazy Yiuf but do no damage.
Crazy Yiuf is moderately wounded.
Crazy Yiuf closely misses you.
A red film seems to cover your vision as you go berserk!
You feel yourself moving faster!
You feel mighty!
You are feeling hungry.
Crazy Yiuf hits you with a quarterstaff of chaos!
* * * LOW HITPOINT WARNING * * *
You feel drained.
* * * LOW HITPOINT WARNING * * *
You hit Crazy Yiuf. You headbutt Crazy Yiuf.
Crazy Yiuf is severely wounded.
You barely miss Crazy Yiuf.
Crazy Yiuf is severely wounded.
Crazy Yiuf hits you with a quarterstaff of chaos!
* * * LOW HITPOINT WARNING * * *
Crazy Yiuf burns you.
You die...

.## #.#.#.###.#
##.## #..... .#
#..###....# #.#
##....
.#####.#.#.#####
### #....
.......##.##
#..##
.#####.##..#
##### #..## ##
#.##### #..)#
#..# #.# #...#
#.[# #.# #.g.#
#..# #.# #@#
#..# #.#####
♣♣.♣ #..#
#.....# ♣.♣♣
#..# #######
♣♣.♣ ########..#
♣.♣♣ #.........#
############
♣♣.♣♣
#.#######(#
)..........#
♣...♣♣ #.# #.#
############
♣....♣ #.# #.#
###.# #....# ###
#.##


You could see Crazy Yiuf.

Vanquished Creatures
  5 adders
  An ooze (D:2)
  2 worms (D:2)
  2 dart slugs
  3 giant cockroaches
  10 goblins (D:2)
  4 hobgoblins
  4 jackals (D:2)
  A kobold (D:1)
  A quokka (D:2)
  5 bats
  3 frilled lizards (D:2)
  5 rats
46 creatures vanquished.

Notes
Turn   | Place    | Note
-------+----------+-------------------------------------------
     0 | D:1      | Patate the Minotaur Berserker began the quest for the Orb.
     0 | D:1      | Reached XP level 1. HP: 19/19 MP: 0/0
   117 | D:1      | Reached skill level 4 in Axes
   265 | D:1      | Reached XP level 2. HP: 27/27 MP: 1/1
   717 | D:2      | Reached XP level 3. HP: 24/33 MP: 2/2
   865 | D:2      | Found an opulent altar of Gozag.
   879 | D:3      | Reached ** piety under Trog
  1230 | D:2      | Reached skill level 5 in Axes
  1269 | D:2      | Found a faded altar of an unknown god.
  1278 | D:2      | Reached XP level 4. HP: 36/40 MP: 3/3
  1346 | D:2      | Found an iron altar of Okawaru.
  1898 | D:2      | Found a runed door.
  1902 | D:2      | Noticed Crazy Yiuf
  1909 | D:2      | HP: 2/61 [Crazy Yiuf/quarterstaff of chaos (11)]
  1909 | D:2      | Slain by Crazy Yiuf

Skill      XL: |  1  2  3 |
---------------+----------+-----
Axes           | 4 5 |  5.4
Armour         | 3 |  3.4
Fighting       | 4 |  4.4
Dodging        | |  2.1

Action                   |  1- 3 |  4- 6 || total
-------------------------+-------+-------++-------
Melee: Hand axe          |    52 |    38 ||    90
       Headbutt          |     5 |     7 ||    12
Invok: Berserk           |       |     1 ||     1
  Use: Scroll            |       |     5 ||     5
  Eat: Chunk             |     1 |     2 ||     3
Armor: Animal skin       |     6 |     1 ||     7
       Leather armour    |       |     3 ||     3
Dodge: Dodged            |    39 |    20 ||    59
